 Dungeon Crawl Stone Soup version 0.29-a0-830-gcb1280458a (webtiles) character file.

Game seed: 14215060389740224860

398 Conn the Sneak (level 6, -3/36 HPs)
             Began as an Octopode Fire Elementalist on July 12, 2022.
             Slain by a sky beast (6 damage)
             ... on level 4 of the Dungeon.
             The game lasted 00:13:16 (4677 turns).

Conn the Sneak (Octopode Fire Elementalist)         Turns: 4677, Time: 00:13:17

Health: -3/36      AC:  1    Str:  7    XL:     6   Next: 83%
Magic:  1/11       EV: 13    Int: 19    God:
Gold:   167        SH:  0    Dex: 13    Spells: 2/11 levels left

rFire   + . .      SeeInvis .   d - +0 short sword
rCold   x . .      Faith    .   (no shield)
rNeg    . . .      Spirit   .   (helmet restricted)
rPois   .          Reflect  .   (no amulet)
rElec   .          Harm     .   b - ring of fire
rCorr   .          Rampage  .   l - ring of willpower
Will    +....                   (no ring)
Stlth   ++++......              (no ring)
HPRegen 0.12/turn               (no ring)
MPRegen 0.12/turn               (no ring)
                                (no ring)
                                (no ring)

@: lethally poisoned (-3 -> -5)
A: almost no armour, amphibious, 8 rings, camouflage 1, gelatinous body 1,
(nimble swimmer 1), tentacles
a: no special abilities


You were on level 4 of the Dungeon.
You visited 2 branches of the dungeon, and saw 5 of its levels.

You collected 167 gold pieces.

Inventory:

Hand Weapons
 d - a +0 short sword (weapon)
 e - a +0 dagger
Missiles
 i - a throwing net (quivered)
Jewellery
 b - a ring of fire (left tentacle)
 l - a ring of willpower (right tentacle)
Wands
 f - a wand of flame (16)
Scrolls
 j - a scroll of fog
 k - a scroll of fear
Potions
 a - a potion of magic
 c - 3 potions of haste
 g - a potion of flight
 m - a potion of attraction {unknown}


   Skills:
 + Level 0.2 Fighting
 + Level 1.1 Short Blades
 + Level 2.5 Dodging
 + Level 5.0 Stealth
 * Level 3.3 Spellcasting
 * Level 3.0 Conjurations
 + Level 0.3 Hexes
 + Level 4.5 Fire Magic


You had 2 spell levels left.
You knew the following spells:

 Your Spells              Type           Power      Damage    Failure   Level
a - Foxfire               Conj/Fire      100%       2x1d9     3%          1
b - Conjure Flame         Conj/Fire      26%        6-21      10%         3
c - Inner Flame           Hex/Fire       18%        N/A       16%         3
e - Scorch                Fire           60%        2d8       3%          2

Your spell library contained the following spells:

 Spells                   Type           Power      Damage    Failure   Level
 Flame Wave               Conj/Fire      26%        2d7       30%         4
 Gell's Gravitas          Tloc           3%         N/A       41%         3
 Lesser Beckoning         Tloc           3%         N/A       41%         3
 Teleport Other           Tloc           3%         N/A       41%         3
 Corpse Rot               Necr/Pois/Air  3%         N/A       82%         4
 Haunt                    Necr/Summ      1%         N/A       100%        7


Dungeon Overview and Level Annotations

Branches:
Dungeon (4/15)             Temple (1/1) D:4

Altars:
Ashenzari
Cheibriados
Dithmenos
Gozag
Hepliaklqana
Kikubaaqudgha
Makhleb
Qazlal
Uskayaw
Vehumet
Wu Jian
Yredelemnul
The Shining One


Innate Abilities, Weirdness & Mutations

You cannot wear most types of armour.
You are amphibious.
You can wear up to eight rings at the same time.
Your skin changes colour to match your surroundings (Stealth+).
Your rubbery body absorbs attacks. (AC +1, EV +1)
((You are camouflaged when in or above water. (Stealth+)))
You have tentacles for arms and can constrict up to eight enemies at once.


Message History

The floor.
Really read the scroll of poison?
The air fills with toxic fumes!
As you read the scroll of poison, it crumbles to dust.
Unknown command.
Aiming: Throw Flame
Press: ? - help, Shift-Dir - straight line, f - Blork the orc
Aim: Blork the orc, wielding a +2 trident of pain and wearing a +0 robe (poison gas, moderately wounded, 72% to hit)
The puff of flame hits Blork the orc.
Blork the orc is heavily wounded.
Blork the orc is engulfed in poison gas.
Blork the orc is poisoned.
Really wriggle into that cloud of poison gas?
You are engulfed in poison gas.
You are poisoned.
You feel very sick.
You feel very sick.
Blork the orc is engulfed in poison gas.
Blork the orc looks even sicker.
Blork the orc barely misses you.
Unknown command.
You barely miss Blork the orc. You grab Blork the orc.
Your tentacle-slap misses Blork the orc.
You squeeze Blork the orc.
You kill Blork the orc!
You feel very sick.
Your Conjurations skill increases to level 3!
You feel sick.
You feel sick.
You feel sick.
You feel sick.
A sky beast appears from thin air!
Reactivating autopickup.
You feel sick.
A sky beast is nearby!
Okay, then.
Aiming: Throw Flame
Press: ? - help, Shift-Dir - straight line, f - sky beast
Aim: a sky beast (almost dead, poisoned, 56% to hit)
The puff of flame misses the sky beast.
You feel sick. The sky beast hits you.
* * * LOW HITPOINT WARNING * * *
The sky beast shocks you.
You die...

.#................. ............
.#.##.##.#.#.....§####○§##.######
.#.##......#....§§§○○..°##.##....
.#.##.......####..§§°☼○○##.......
.#.##.##.#.....§☼○○§§☼..##.......
...............§○§§☼§............
.#.##.##.##.####§○§###○§.........
.........o..##○°§○.°☼☼.###.#####.
.#.......##.##.#@☼☼##### #.# ###.
...#####.....§.Y°○§# #.# #...
####.. #####○.§§°☼○#######.###...
....._ +.#§§°..☼.........'...
####.. #####.#☼#§°°#######.###...
...#####.....#.#☼§§§... .........
..............§.§☼.§§........#...
............[......##############
...######...†.###..#


You could see a sky beast (poisoned).

Vanquished Creatures
  Sigmund (D:2)
  Blork the orc (D:4)
  A kobold brigand (D:3)
  2 adders
  A worm (D:4)
  2 dart slugs
  5 orcs
  7 endoplasms
  6 giant cockroaches
  5 goblins
  3 hobgoblins
  12 jackals
  7 kobolds
  A quokka (D:3)
  9 ball pythons
  6 bats
  3 frilled lizards
  12 rats
84 creatures vanquished.

Vanquished Creatures (collateral kills)
  2 orcs (D:3)
  A goblin (D:3)
3 creatures vanquished.

Vanquished Creatures (others)
  181 foxfires
181 creatures vanquished.

Grand Total: 268 creatures vanquished

Notes
Turn   | Place    | Note
-------+----------+-------------------------------------------
     0 | D:1      | Conn the Octopode Fire Elementalist began the quest for the
                  | Orb.
     0 | D:1      | Reached XP level 1. HP: 11/11 MP: 3/3
   341 | D:1      | Reached XP level 2. HP: 17/17 MP: 0/5
   458 | D:1      | Reached skill level 3 in Stealth
  1065 | D:2      | Found a faded altar of an unknown god.
  1089 | D:2      | Reached XP level 3. HP: 21/21 MP: 2/6
  1938 | D:2      | Noticed Sigmund
  1943 | D:2      | Learned a level 2 spell: Scorch
  1948 | D:2      | Learned a level 3 spell: Conjure Flame
  1966 | D:2      | Killed Sigmund
  1967 | D:2      | Reached skill level 4 in Stealth
  1967 | D:2      | Reached XP level 4. HP: 19/27 MP: 0/7
  1967 | D:2      | Reached XP level 5. HP: 22/31 MP: 0/8
  2229 | D:2      | Learned a level 3 spell: Inner Flame
  2529 | D:3      | Reached skill level 1 in Short Blades
  2871 | D:3      | Found a snail-covered altar of Cheibriados.
  3044 | D:3      | Got Noxones's Handbook of Evil Adjuration
  3279 | D:3      | Reached XP level 6. HP: 36/36 MP: 7/10
  3625 | D:3      | Found a burning altar of Makhleb.
  3625 | D:3      | Noticed an Executioner
  3628 | D:3      | Noticed a neqoxec
  3628 | D:3      | Noticed a neqoxec
  4088 | D:4      | Found a staircase to the Ecumenical Temple.
  4097 | Temple   | Entered the Ecumenical Temple
  4502 | D:4      | Reached skill level 5 in Stealth
  4629 | D:4      | Found a shadowy altar of Dithmenos.
  4645 | D:4      | Noticed Blork the orc
  4645 | D:4      | Noticed a sky beast
  4671 | D:4      | Killed Blork the orc
  4677 | D:4      | Slain by a sky beast

Illustrated notes

Levels and vault maps discovered:
D:1:      evilmike_arrival_plus, layout_basic, minmay_fountain_box, hex_tiny
D:2:      layout_basic, dreamdust_ecumenical_altar_statues, uniq_sigmund
D:3:      minmay_razor_zed, layout_loops_ring,
          mainiacjoe_overflow_six_doors_small, makhleb_altar_promises_db,
          grunt_decor_fettered, ebering_dispersal_statue_hall
D:4:      layout_basic, mainiacjoe_overflow_surrounded_room,
          minmay_temple_entry_slanted, grunt_ministairs_12, uniq_blork_the_orc
Temple:   dpeg_chambers_temple

Skill      XL: |  1  2  3  4  5  6 |
---------------+-------------------+-----
Stealth        | 3 4 5 |  5.0
Conjurations   | 2 3 |  3.0
Fire Magic     | 4 |  4.5
Short Blades   | 1 |  1.1
Spellcasting   | 3 |  3.3
Fighting       | |  0.2
Dodging        | |  2.5
Hexes          | |  0.3

Action                   |  1- 3 |  4- 6 || total
-------------------------+-------+-------++-------
Melee: Dagger            |    31 |    22 ||    53
       Unarmed           |     4 |       ||     4
       Constrict         |     9 |     8 ||    17
       Tentacles         |     8 |     6 ||    14
       Short sword       |       |     7 ||     7
Throw: Throwing net      |       |     1 ||     1
 Cast: Foxfire           |    41 |    64 ||   105
       Scorch            |       |     8 ||     8
       Inner Flame       |       |     3 ||     3
       Conjure Flame     |       |     1 ||     1
Evoke: Wand              |       |     2 ||     2
  Use: Potion            |     2 |     2 ||     4
       Scroll            |       |     8 ||     8
 Stab: Sleeping          |     7 |     6 ||    13
Armor: Skin              |     9 |     5 ||    14
Dodge: Dodged            |    38 |    31 ||    69

Table legend: (Time is in decaauts)
 A = Elapsed time spent in this place.
 B = Non-inter-level travel time spent in this place.
 C = Inter-level travel time spent in this place.
 D = Time resting spent in this place.
 E = Time spent auto-exploring this place.
 F = Levels seen in this place.
 G = Mean time per level.
                   A        B        C        D        E       F      G
               +--------+--------+--------+--------+--------+-----+--------+
         Total |   4673 |   4578 |     95 |      0 |   3739 |   5 |  934.6 |
       Dungeon |   4408 |   4313 |     95 |      0 |   3547 |   4 | 1102.0 |
        Temple |    264 |    264 |      0 |      0 |    192 |   1 |  264.0 |
               +--------+--------+--------+--------+--------+-----+--------+

Top non-repeatable levels by time:
     D:3: 1576 daAuts
     D:2: 1304 daAuts
     D:1: 1059 daAuts
     D:4: 467 daAuts
  Temple: 264 daAuts
